Map: Lightshade LE

Players

IIIIIIllllII - Winner!

  • Race: Protoss Protoss
  • League: Diamond

dva

  • Race: Zerg Zerg
  • League: Diamond

VOD

Have the link to the VOD?

Description

Barcode zerg-hating toss

Time

  • Played on: June 12, 2021, 4:53 a.m.
  • Length: 7:46
Show
View Real Time Build Order
Export as new Build Order

IIIIIIllllII Protoss - Winner!

Build Orders: 1 Gate Expand, Colossus Rush 

Get SALT Encoding   

  12  0:08  Pylon  
  12  0:13  Probe (Chrono Boost)  
  13  0:23  Probe (Chrono Boost)  
  13  0:28  Probe (Chrono Boost)  
  15  0:38  Gateway  
  15  0:40  Probe  
  16  0:47  Assimilator  
  16  0:52  Probe  
  17  0:58  Pylon  
  17  1:04  Probe (Chrono Boost)  
  18  1:13  Probe (Chrono Boost)  
  18  1:18  Probe (Chrono Boost)  
  20  1:35  Nexus  
  20  1:44  Cybernetics Core  
  20  1:47  Probe  
  20  1:53  Zealot  
  23  1:57  Assimilator  
  23  1:59  Probe  
  24  2:07  Pylon  
  24  2:11  Probe  
  25  2:21  Robotics Facility  
  25  2:24  Probe  
  25  2:28  Sentry  
  28  2:36  Probe (Chrono Boost)  
  29  2:38  Warp Gate  
  29  2:46  Probe (Chrono Boost)  
  31  2:54  Stalker, Probe (Chrono Boost)  
  31  2:56  Probe (Chrono Boost)  
  34  3:00  Probe (Chrono Boost)  
  34  3:01  Probe (Chrono Boost)  
  36  3:09  Shield Battery  
  36  3:10  Observer  
  36  3:11  Pylon  
  36  3:12  Probe  
  38  3:13  Probe  
  39  3:24  Probe  
  39  3:25  Probe  
  41  3:28  Immortal (Chrono Boost)  
  45  3:36  Probe  
  45  3:38  Probe  
  45  3:41  Pylon  
  47  3:44  Stalker  
  49  3:48  Probe  
  49  3:50  Probe  
  51  4:00  Probe, Immortal  
  56  4:06  Probe  
  57  4:11  Forge  
  57  4:13  Probe  
  57  4:15  Robotics Bay  
  58  4:18  Probe  
  58  4:20  Pylon  
  58  4:23  Assimilator  
  59  4:25  Probe  
  59  4:30  Probe, Assimilator  
  61  4:35  Protoss Ground Weapons Level 1, Pylon  
  61  4:37  Probe  
  62  4:38  Warp Prism (Chrono Boost)  
  62  4:43  Probe  
  65  4:49  Probe  
  66  4:56  Pylon  
  66  4:59  Gateway  
  66  5:03  Colossus (Chrono Boost)  
  72  5:23  Gateway  
  72  5:24  Gateway  
  72  5:28  Gateway  
  72  5:30  Gateway  
  72  5:33  Extended Thermal Lance (Chrono Boost), Gateway  
  72  5:35  Gateway  
  72  5:46  Colossus (Chrono Boost)  
  78  5:57  Observer  
  78  6:06  Pylon  
  78  6:10  Photon Cannon, Pylon  
  78  6:12  Pylon  
  78  6:13  Stalker  
  78  6:14  Stalker  
  78  6:15  Pylon  
  82  6:21  Stalker  
  82  6:22  Stalker  
  84  6:40  Stalker x2  
  84  6:42  Colossus (Chrono Boost)  
  84  6:44  Stalker  
  84  6:45  Stalker  
  86  6:54  Stalker x3  
  90  7:02  Stalker  
  92  7:09  Stalker x3  
  98  7:19  Stalker  
  98  7:20  Stalker x2  
  104  7:26  Stalker  
  104  7:28  Stalker  
Show
View Real Time Build Order
Export as new Build Order

dva Zerg 

Build Orders: Hatch First 

Get SALT Encoding   

  12  0:00  Drone  
  13  0:12  Overlord  
  13  0:17  Drone  
  14  0:30  Drone x2  
  16  0:51  Drone  
  16  0:54  Drone  
  16  0:56  Hatchery  
  17  0:58  Drone  
  18  1:09  Extractor  
  17  1:13  Spawning Pool  
  17  1:16  Drone  
  17  1:20  Drone  
  18  1:27  Drone  
  19  1:39  Drone  
  20  2:01  Queen  
  22  2:08  Queen  
  22  2:10  Zergling x4  
  22  2:12  Drone x2  
  28  2:21  Overlord  
  28  2:23  Metabolic Boost  
  28  2:45  Drone x5  
  33  3:04  Drone x3  
  36  3:12  Roach Warren, Overlord  
  35  3:19  Overlord  
  35  3:27  Hatchery  
  34  3:37  Drone x2, Overlord  
  36  3:42  Drone x3  
  36  3:44  Overlord  
  36  3:46  Zergling x6  
  42  3:52  Queen  
  44  4:00  Spore Crawler  
  44  4:02  Queen  
  45  4:15  Drone x3  
  45  4:16  Drone  
  50  4:17  Drone x2  
  50  4:21  Extractor  
  50  4:22  Extractor  
  49  4:28  Roach x4  
  57  4:39  Extractor  
  57  4:40  Extractor  
  55  4:50  Queen  
  55  4:52  Roach x4  
  65  4:54  Overlord  
  65  4:55  Overlord  
  65  5:01  Spore Crawler  
  65  5:06  Overlord  
  64  5:09  Overlord  
  64  5:12  Queen  
  64  5:14  Roach x2  
  70  5:15  Spore Crawler  
  69  5:22  Roach x3  
  75  5:29  Roach x2  
  79  5:36  Roach x2  
  81  5:52  Ravager  
  81  5:53  Zergling x2, Ravager x2  
  81  5:54  Zergling x10  
  85  6:15  Roach  
  85  6:16  Roach x5  
  85  6:18  Overlord  
  94  6:36  Roach x6  
  99  6:46  Roach x2  
  78  6:54  Roach x2  
  64  7:12  Roach  
  64  7:13  Roach  
  62  7:18  Roach  
Tags
 
Add a new tag
Caveats
  • Supply blocks, unpowered buildings, or Contaminate may cause inaccurate times.
  • Supply counts are checked every 10 seconds.